 Dungeon Crawl Stone Soup version 0.28-a0-1182-g381e24db82 (webtiles) character file.

Game seed: 11038819126652939549

415 jtrev the Cudgeller (level 6, -9/37 HPs)
             Began as a Gargoyle Berserker on Dec 16, 2021.
             Was a Believer of Trog.
             Mangled by a black bear (11 damage)
             ... on level 4 of the Dungeon.
             The game lasted 00:08:40 (3913 turns).

jtrev the Cudgeller (Gargoyle Berserker)            Turns: 3913, Time: 00:08:41

Health: -9/37      AC: 14    Str: 23    XL:     6   Next: 91%
Magic:  6/6        EV: 10    Int:  7    God:    Trog [**....]
Gold:   102        SH:  0    Dex:  9    Spells: 5/5 levels left

rFire   . . .      SeeInvis .   a - +0 mace
rCold   . . .      Faith    .   (no shield)
rNeg    + . .      Spirit   .   k - +0 scale mail
rPois   ∞          Reflect  .   q - +0 helmet
rElec   +          Harm     .   (no cloak)
rCorr   .          Rampage  .   b - +1 pair of gloves
Will    .....                   (no boots)
Stlth   ..........              (no amulet)
HPRegen 0.12/turn               (no ring)
MPRegen 0.10/turn               (no ring)

@: no status effects
A: sickness immunity, AC +4, negative energy resistance 1, electricity
resistance, torment resistance 1, petrification resistance
a: Renounce Religion, Berserk, Trog's Hand


You were on level 4 of the Dungeon.
You worshipped Trog.
Trog was pleased with you.
You visited 1 branch of the dungeon, and saw 4 of its levels.

You collected 102 gold pieces.

Inventory:

Hand Weapons
 a - a +0 mace (weapon)
Missiles
 n - a throwing net (quivered) {!f}
Armour
 b - a +1 pair of gloves (worn)
   (You found it on level 3 of the Dungeon)
 k - a +0 scale mail (worn)
   (You found it on level 2 of the Dungeon)
 q - a +0 helmet (worn)
   (You took it off Robin on level 2 of the Dungeon)
Scrolls
 c - a scroll of fear {unknown}
 d - 3 scrolls of teleportation {unknown}
 e - a scroll of brand weapon {unknown}
 i - a scroll of fog {unknown}
 j - a scroll of identify {unknown}
 m - a scroll of acquirement {unknown}
 p - 2 scrolls of magic mapping {unknown}
 r - a scroll of blinking {unknown}
 s - 2 scrolls of immolation {unknown}
Potions
 f - a potion of might {unknown}
 g - a potion of degeneration {unknown}
 h - 2 potions of curing {unknown}
 l - 2 potions of mutation {unknown}
 o - a potion of flight {unknown}
 t - a potion of berserk rage {unknown}


   Skills:
 - Level 3.2 Fighting
 + Level 7.5 Maces & Flails
 - Level 2.1 Armour
 - Level 1.5 Dodging


You had 5 spell levels left.
You didn't know any spells.
Your spell library was empty.

Dungeon Overview and Level Annotations

Branches:
Dungeon (4/15)
 Temple: D:4-7

Altars:
Vehumet

Shops:
D:3 :


Innate Abilities, Weirdness & Mutations

You are immune to sickness and miasma.
Your stone body is resilient. (AC +4)
You are immune to poison.
You resist negative energy. (rN+)
You are resistant to electric shocks. (rElec)
You are resistant to unholy torment.
You are immune to petrification.


Message History

You barely miss the endoplasm.
The endoplasm hits you but does no damage.
You sock the endoplasm!
You kill the endoplasm!
Trog accepts your kill.
You hit the black bear. The black bear bites you.
The black bear barely misses you. x2
You sock the black bear!
The black bear bites you but does no damage.
The black bear claws you but does no damage.
The black bear barely misses you. The goblin closely misses you.
You barely miss the black bear. The black bear barely misses you.
The black bear claws you but does no damage. x2
The goblin hits you with a +0 club.
You sock the black bear!
The black bear goes berserk!
The goblin hits you but does no damage.
You hit the black bear but do no damage.
The black bear barely misses you. The black bear closely misses you.
The black bear barely misses you. The goblin hits you but does no damage.
The black bear bites you. The black bear barely misses you. x2
You hit the black bear but do no damage.
The black bear closely misses you. The black bear claws you.
The black bear claws you but does no damage.
The goblin hits you with a +0 club.
* * * LOW HITPOINT WARNING * * *
Unknown command.
The black bear bites you but does no damage.
The black bear claws you but does no damage. x2
The goblin barely misses you.
The black bear bites you but does no damage.
The black bear misses you.
The black bear claws you but does no damage.
The black bear bites you.
* * * LOW HITPOINT WARNING * * *
The black bear claws you but does no damage.
The black bear closely misses you. The black bear bites you!
* * * LOW HITPOINT WARNING * * *
The black bear claws you but does no damage. x2
The black bear rages.
The black bear bites you but does no damage.
The black bear claws you but does no damage.
The black bear claws you.
* * * LOW HITPOINT WARNING * * *
The black bear completely misses you.
The black bear claws you but does no damage.
The black bear claws you.
* * * LOW HITPOINT WARNING * * *
The black bear bites you!
You die...

.....# ###.### #............
.....# #.....## ##...........
.....# ##......###............
.....###........#.............
......##.............#........
....#.##........g...###.......
...##.....(.........# #.....
...###..........h..## ##..
..## #..........@...## ..#
#...............# # .##
#...............##.. ##
#.................# #
##...............## #
##.........÷...## ####
#.........<..## ...##
##...........##
....###...........##


You could see a black bear (berserk) and a goblin.

Vanquished Creatures
  Sigmund (D:3)
  A black bear (D:4)
  Jessica (D:3)
  Robin (D:2)
  3 adders
  A gnoll (D:1)
  A worm (D:2)
  A dart slug (D:3)
  3 ball pythons (D:1)
  4 bats
  8 endoplasms
  5 giant cockroaches
  14 goblins
  10 hobgoblins
  7 jackals (D:1)
  6 kobolds
  4 frilled lizards
  9 rats
80 creatures vanquished.

Vanquished Creatures (others)
  A hobgoblin (D:2)
  4 toadstools (D:1)
5 creatures vanquished.

Grand Total: 85 creatures vanquished

Notes
Turn   | Place    | Note
-------+----------+-------------------------------------------
     0 | D:1      | jtrev the Gargoyle Berserker began the quest for the Orb.
     0 | D:1      | Reached XP level 1. HP: 14/14 MP: 1/1
   191 | D:1      | Reached XP level 2. HP: 10/19 MP: 2/2
   576 | D:1      | Reached skill level 4 in Maces & Flails
   770 | D:1      | Reached XP level 3. HP: 15/23 MP: 3/3
  1240 | D:1      | Reached ** piety under Trog
  1853 | D:2      | Reached XP level 4. HP: 27/28 MP: 4/4
  2288 | D:3      | Reached skill level 5 in Maces & Flails
  2462 | D:3      | Noticed Sigmund
  2474 | D:3      | Killed Sigmund
  2475 | D:3      | Reached skill level 6 in Maces & Flails
  2475 | D:3      | Reached XP level 5. HP: 32/32 MP: 5/5
  2475 | D:3      | Reached XP level 6. HP: 37/37 MP: 6/6
  2603 | D:3      | Found a radiant altar of Vehumet.
  2699 | D:3      | Found Qeivokk's Book Boutique.
  2830 | D:3      | Noticed Jessica
  2840 | D:3      | Killed Jessica
  2934 | D:3      | Found a faded altar of an unknown god.
  3116 | D:2      | Noticed Robin
  3278 | D:3      | Reached skill level 7 in Maces & Flails
  3441 | D:2      | Killed Robin
  3654 | D:4      | Noticed a black bear
  3660 | D:4      | Killed a black bear
  3892 | D:4      | Noticed a black bear
  3913 | D:4      | Mangled by a black bear

Illustrated notes

Levels and vault maps discovered:
D:1:      ldierk_walled_garden_2, layout_loops_ring
D:2:      layout_basic, uniq_robin
D:3:      layout_loops_corners, marbit_many_paths,
          hellmonk_ecumenical_altar_leap_of_faith, serial_shops,
          nicolae_shop_crystal, uniq_sigmund, uniq_jessica
D:4:      layout_cave_pods, guppyfry_early_orc_mine

Skill      XL: |  1  2  3  4  5  6 |
---------------+-------------------+-----
Maces & Flails | 4 6 7 |  7.5
Fighting       | |  3.2
Armour         | |  2.1
Dodging        | |  1.5

Action                   |  1- 3 |  4- 6 || total
-------------------------+-------+-------++-------
Melee: Mace              |   109 |   166 ||   275
Invok: Berserk           |       |     2 ||     2
 Stab: Sleeping          |     2 |       ||     2
       Distracted        |     1 |       ||     1
Armor: Animal skin       |    44 |     3 ||    47
       Scale mail        |       |   133 ||   133
Dodge: Dodged            |    59 |   110 ||   169

Table legend: (Time is in decaauts)
 A = Elapsed time spent in this place.
 B = Non-inter-level travel time spent in this place.
 C = Inter-level travel time spent in this place.
 D = Time resting spent in this place.
 E = Time spent auto-exploring this place.
 F = Levels seen in this place.
 G = Mean time per level.
                   A        B        C        D        E       F      G
               +--------+--------+--------+--------+--------+-----+--------+
         Total |   3970 |   3775 |    195 |    443 |   2541 |   4 |  992.5 |
       Dungeon |   3970 |   3775 |    195 |    443 |   2541 |   4 |  992.5 |
               +--------+--------+--------+--------+--------+-----+--------+

Top non-repeatable levels by time:
     D:1: 1372 daAuts
     D:2: 1163 daAuts
     D:3: 1144 daAuts
     D:4: 289 daAuts
